 Dungeon Crawl Stone Soup version 0.18.1-1-g2f07953 (webtiles) character file.

6430 inmateoo the Grappler (level 10, -1/86 HPs)
             Began as a Purple Draconian Transmuter on May 7, 2016.
             Was a High Priest of Cheibriados.
             Shot with an arrow by a centaur warrior (16 damage)
             ... on level 13 of the Dungeon.
             The game lasted 00:16:58 (10743 turns).

inmateoo the Grappler (DrTm)                       Turns: 10743, Time: 00:16:59

Health: -1/86      AC: 12    Str: 29    XL:     10   Next: 67%
Magic:  0/20       EV: 22    Int: 27    God:    Cheibriados [*****.]
Gold:   317        SH:  0    Dex: 24    Spells: 5 memorised, 7 levels left

rFire  . . .     SeeInvis .       - Unarmed
rCold  + . .     Gourm    .     (armour unavailable)
rNeg   . . .     Faith    .     (no shield)
rPois  +         Spirit   +     (helmet restricted)
rElec  .         Dismiss  .     y - +1 cloak
rCorr  .         Reflect  .     p - +1 pair of gloves
SustAt .         Harm     .     x - +0 pair of boots
MR     +....                    q - amulet of guardian spirit
Stlth  ++........               o - +4 ring of evasion
                                E - ring of protection from cold

@: very slow, somewhat resistant to hostile enchantments, unstealthy
A: breathe power, unfitting armour, mutation resistance 1, poison resistance,
cold-blooded, subdued magic 1, AC +7
a: Breathe Dispelling Energy, Bend Time, Temporal Distortion, Slouch, Step From
Time, Renounce Religion


You were on level 13 of the Dungeon.
You worshipped Cheibriados.
Cheibriados was extremely pleased with you.
You were not hungry.

You visited 2 branches of the dungeon, and saw 12 of its levels.

You collected 559 gold pieces.
You spent 242 gold pieces at shops.

Inventory:

Missiles
 a - 146 arrows
 l - 16 poisoned needles
Armour
 p - a +1 pair of gloves (worn)
 x - a +0 pair of boots (worn)
 y - a +1 cloak (worn)
Jewellery
 f - an uncursed ring of poison resistance
 k - an uncursed ring of flight
 o - a +4 ring of evasion (right hand)
 q - an amulet of guardian spirit (around neck)
 E - a ring of protection from cold (left hand)
 G - an uncursed ring of protection from cold
Wands
 h - a wand of heal wounds (6/9)
 t - a wand of flame (4/48)
 B - a wand of iceblast (7/15)
 D - a wand of lightning (7/15)
 F - a wand of flame (29/48)
Scrolls
 g - 6 scrolls of remove curse
 i - 4 scrolls of enchant weapon
 j - 3 scrolls of teleportation
 m - a scroll of fog
 I - 2 scrolls of magic mapping
Potions
 n - a potion of brilliance
 r - 3 potions of might
 u - a potion of lignification
 v - 2 potions of agility
 J - 2 potions of cure mutation
Books
 b - a book of Changes

   Spells                             Type                      Level
   a - Beastly Appendage              Transmutation                1
   b - Sticks to Snakes               Transmutation                2
   c - Spider Form                    Transmutation/Poison         3
   d - Ice Form                       Ice/Transmutation            4
   e - Blade Hands                    Transmutation                5
 d - a book of the Sky

   Spells                             Type                      Level
   a - Summon Lightning Spire         Summoning/Air                4
   b - Airstrike                      Air                          4
   c - Silence                        Hexes/Air                    5
   d - Deflect Missiles               Charms/Air                   6
   e - Conjure Ball Lightning         Conjuration/Air              6
   f - Tornado                        Air                          9
 H - a book of Callings

   Spells                             Type                      Level
   a - Summon Small Mammal            Summoning                    1
   b - Call Imp                       Summoning                    2
   c - Call Canine Familiar           Summoning                    3
   d - Summon Guardian Golem          Hexes/Summoning              3
   e - Summon Lightning Spire         Summoning/Air                4
   f - Summon Ice Beast               Ice/Summoning                4
Miscellaneous
 w - a sack of spiders {used: 1}
 L - a plain deck of summoning
Comestibles
 c - 9 bread rations
 s - 4 meat rations
 A - 4 beef jerkies
 C - 8 fruits


   Skills:
 + Level 7.0 Fighting
 + Level 6.0 Dodging
 * Level 9.3 Unarmed Combat
 + Level 6.7 Spellcasting
 + Level 6.4 Transmutations
 - Level 4.0 Ice Magic
 - Level 1.0 Poison Magic
 + Level 4.1 Invocations


You had 7 spell levels left.
You knew the following spells:

 Your Spells              Type           Power        Failure   Level  Hunger
a - Beastly Appendage     Trmt           ####..       1%          1    None
b - Sticks to Snakes      Trmt           ####....     1%          2    None
c - Spider Form           Trmt/Pois      ###.......   3%          3    None
d - Ice Form              Ice/Trmt       ####....     8%          4    ###....
e - Blade Hands           Trmt           ####......   12%         5    #####..


Dungeon Overview and Level Annotations

Branches:
Dungeon (10/15)            Temple (1/1) D:5            Lair (0/8) D:8
    Orc: D:9-12

Altars:
Ashenzari
Cheibriados
Dithmenos
Elyvilon
Fedhas
Gozag
Kikubaaqudgha
Makhleb
Nemelex Xobeh
Okawaru
Pakellas
Qazlal
Ru
Sif Muna
Trog
Vehumet
Xom
Yredelemnul
Zin
The Shining One

Shops:
D:7 *

Annotations:
D:13 Rupert


Innate Abilities, Weirdness & Mutations

You can breathe bolts of dispelling energy.
Your rich purple scales are hard (AC +7).
Your body does not fit into most forms of armour.
You are cold-blooded and may be slowed by cold attacks.
You are somewhat resistant to further mutation.
Your system is resistant to poisons.
Your spells are a little easier to cast, but a little less powerful.


Message History

Your ball python dies!
You see here an arrow.
Unknown command.
Unknown command.
Unknown command.
Drink which item? (? for menu, Esc to quit)
You feel better.
Unknown command.
Drink which item? (? for menu, Esc to quit)
You don't have any such object.
Drink which item? (? for menu, Esc to quit)
Okay, then.
The centaur warrior wields an uncursed longbow.
The centaur warrior shoots an arrow.
The arrow hits you!
* * * LOW HITPOINT WARNING * * *
You see here an arrow.
Unknown command.
Unknown command.
The centaur warrior shoots an arrow.
The arrow hits you!!
You die...

###......≈§......
#.......≈...#####
#.#...^.≈c..#
#/#####§≈≈≈.#
#.......§≈§§###
#########(....#
#(.(Scc.(...#....
#c#####....## ##
#.#@.......#
#c(........#
#.########... #.#
#### #.# #.# #..
##.


You could see a centaur warrior.

Vanquished Creatures
  An ugly thing (D:9)
  A two-headed ogre (D:8)
  A wyvern (D:13)
  A yak (D:8)
  Grum (D:8)
  A hungry ghost (D:8)
  3 hippogriffs
  4 orc warriors
  A black bear (D:8)
  5 ice beasts
  4 phantoms
  A sky beast (D:7)
  3 wolves (D:8)
  10 ogres
  3 centaurs (D:8)
  5 crocodiles
  A giant frog (D:13)
  3 scorpions
  5 killer bees (D:9)
  2 crimson imps (D:7)
  A howler monkey (D:8)
  4 hounds
  5 orc priests
  A jelly (D:7)
  A centaur skeleton (D:3)
  6 iguanas
  9 orc wizards
  Jessica (D:4)
  8 worker ants
  A hound skeleton (D:9)
  6 gnolls
  10 adders
  4 river rats (D:8)
  A shadow imp (D:8)
  An ooze (D:2)
  An adder zombie (D:7)
  3 worms
  3 dart slugs
  4 giant geckos
  46 orcs
  2 ball pythons
  4 giant cockroaches
  9 goblins
  8 hobgoblins
  17 jackals
  2 quokkas
  13 bats
  A giant gecko zombie (D:9)
  3 giant newts
  9 kobolds
  A quokka zombie (D:8)
  11 rats
252 creatures vanquished.

Vanquished Creatures (collateral kills)
  A gnoll (D:6)
  An adder (D:4)
  5 orcs
7 creatures vanquished.

Vanquished Creatures (others)
  A quokka (D:8)
  7 fungi (D:8)
  6 plants (D:8)
14 creatures vanquished.

Grand Total: 273 creatures vanquished

Notes
Turn   | Place    | Note
--------------------------------------------------------------
     0 | D:1      | inmateoo the Draconian Transmuter began the quest for the Orb.
     0 | D:1      | Reached XP level 1. HP: 16/16 MP: 3/3
   307 | D:1      | Reached XP level 2. HP: 14/23 MP: 5/5
   385 | D:1      | HP: 1/23 [hobgoblin/club (7)]
   487 | D:2      | HP: 1/23 [giant gecko (2)]
   862 | D:2      | Learned a level 2 spell: Sticks to Snakes
   904 | D:2      | Reached XP level 3. HP: 15/29 MP: 6/6
  1135 | D:2      | Learned a level 3 spell: Spider Form
  2028 | D:1      | Reached XP level 4. HP: 34/36 MP: 7/7
  2775 | D:3      | Found an oddly glowing altar of Pakellas.
  2813 | D:3      | Reached XP level 5. HP: 27/42 MP: 8/8
  2855 | D:3      | Reached skill level 4 in Unarmed Combat
  3489 | D:4      | Found an iron altar of Okawaru.
  3844 | D:4      | Found an oddly glowing altar of Pakellas.
  3844 | D:4      | Found a glowing golden altar of the Shining One.
  3993 | D:4      | Found a sparkling altar of Nemelex Xobeh.
  3993 | D:4      | Noticed Jessica
  4003 | D:4      | Killed Jessica
  4003 | D:4      | Reached XP level 6. HP: 47/50 MP: 9/9
  4091 | D:5      | Entered Level 5 of the Dungeon
  4195 | D:5      | Noticed a hippogriff
  4203 | D:5      | HP: 2/51 [hippogriff (4)]
  4211 | D:5      | Killed a hippogriff
  4211 | D:5      | Reached skill level 5 in Unarmed Combat
  4598 | D:5      | Found a shimmering altar of Xom.
  5191 | D:5      | Found a staircase to the Ecumenical Temple.
  5205 | Temple   | Entered the Ecumenical Temple
  5301 | Temple   | Became a worshipper of Cheibriados the Contemplative
  5509 | D:6      | Your scales start taking on a rich purple colour.
  5509 | D:6      | Reached XP level 7. HP: 41/57 MP: 12/12
  5935 | D:5      | Reached * piety under Cheibriados
  6275 | D:5      | Learned a level 4 spell: Ice Form
  6582 | D:6      | Reached skill level 6 in Unarmed Combat
  6981 | D:6      | Reached skill level 1 in Poison Magic
  7104 | D:6      | Reached XP level 8. HP: 46/66 MP: 11/14
  7240 | D:7      | Found a basalt altar of Yredelemnul.
  7260 | D:7      | Found a bloodstained altar of Trog.
  7398 | D:7      | Found a glowing silver altar of Zin.
  7432 | D:7      | Reached skill level 1 in Ice Magic
  7503 | D:7      | Found Gogegg's General Store.
  7513 | D:7      | Bought a scroll of identify for 22 gold pieces
  7513 | D:7      | Bought a sack of spiders for 220 gold pieces
  7600 | D:7      | Gained mutation: You are somewhat resistant to further mutation. [potion of mutation]
  7600 | D:7      | Gained mutation: Your system is resistant to poisons. [potion of mutation]
  7643 | D:7      | Reached skill level 7 in Unarmed Combat
  7643 | D:7      | Reached skill level 5 in Transmutations
  7703 | D:7      | Found a stormy altar of Qazlal.
  7756 | D:7      | Reached ** piety under Cheibriados
  7772 | D:7      | Reached skill level 5 in Fighting
  7954 | D:7      | Reached skill level 5 in Spellcasting
  8081 | D:8      | Reached XP level 9. HP: 74/74 MP: 14/16
  8138 | D:8      | Found a white marble altar of Elyvilon.
  8353 | D:8      | Found an opulent altar of Gozag.
  8354 | D:8      | Found a deep blue altar of Sif Muna.
  8510 | D:8      | Noticed Grum
  8515 | D:8      | Reached skill level 1 in Invocations
  8528 | D:8      | Killed Grum
  8529 | D:8      | Reached *** piety under Cheibriados
  8768 | D:8      | Reached skill level 8 in Unarmed Combat
  8856 | D:8      | Reached skill level 5 in Dodging
  8890 | D:8      | Reached **** piety under Cheibriados
  8921 | D:8      | Found a staircase to the Lair.
  9214 | D:8      | Learned a level 5 spell: Blade Hands
  9235 | D:8      | Found a sacrificial altar of Ru.
  9241 | D:8      | Reached XP level 10. HP: 83/83 MP: 19/19
  9391 | D:9      | Found a radiant altar of Vehumet.
  9747 | D:9      | Noticed a green ugly thing
  9806 | D:9      | Reached ***** piety under Cheibriados
 10028 | D:9      | Reached skill level 9 in Unarmed Combat
 10180 | D:9      | Killed a green ugly thing
 10190 | D:9      | Gained mutation: Your spells are a little easier to cast, but a little less powerful. [mutagenic meat]
 10368 | D:10     | Entered Level 10 of the Dungeon
 10407 | D:10     | You fall through a shaft for 3 floors!
 10407 | D:13     | Noticed Rupert
 10726 | D:13     | Noticed a centaur warrior
 10743 | D:13     | Shot with an arrow by a centaur warrior

Skill      XL: |  1  2  3  4  5  6  7  8  9 10 |
---------------+-------------------------------+-----
Dodging        | 2 3 4 5 6 |  6.0
Fighting       | 2 3 4 5 6 7 |  7.0
Unarmed Combat | 4 5 6 7 8 9 |  9.3
Transmutations | 3 4 5 6 |  6.4
Spellcasting   | 3 4 5 6 |  6.7
Poison Magic   | 1 |  1.0
Ice Magic      | 2 3 4 |  4.0
Invocations    | 2 4 |  4.1

Action                   |  1- 3 |  4- 6 |  7- 9 | 10-12 || total
-------------------------+-------+-------+-------+-------++-------
Melee: Unarmed           |   167 |   324 |   424 |   163 ||  1078
       Tailslap          |    13 |    37 |    64 |    29 ||   143
       Punch             |     1 |     5 |     9 |     7 ||    22
       Kick              |     4 |     6 |     7 |       ||    17
       Headbutt          |     1 |     5 |     2 |       ||     8
 Cast: Beastly Appendage |     5 |    11 |     6 |       ||    22
       Sticks to Snakes  |       |     6 |     6 |     5 ||    17
       Spider Form       |       |     1 |     4 |     1 ||     6
       Ice Form          |       |       |     2 |     2 ||     4
 Abil: Breathe Dispellin |       |       |     8 |       ||     8
       End Transformatio |       |       |     4 |       ||     4
Evoke: Wand              |       |       |     8 |       ||     8
       Sack of spiders   |       |       |       |     1 ||     1
  Use: Potion            |     1 |     3 |     2 |     1 ||     7
       Scroll            |       |    10 |     8 |     2 ||    20
 Stab: Sleeping          |     1 |     2 |     3 |     1 ||     7
       Distracted        |       |       |       |     1 ||     1
  Eat: Chunk             |     4 |     4 |     7 |     4 ||    19
       Bread ration      |       |     1 |       |       ||     1
       Meat ration       |       |     1 |       |       ||     1
       Pizza             |       |       |     1 |       ||     1
       Beef jerky        |       |       |     2 |       ||     2
Armor: Skin              |    50 |    90 |    97 |    37 ||   274
Dodge: Dodged            |   112 |   268 |   307 |   165 ||   852
